 Dungeon Crawl Stone Soup version 0.19-a0-664-g51fd293 (webtiles) character file.

1883 LORDOFBUTT the Cleaver (level 8, -1/73 HPs)
             Began as a Minotaur Berserker on June 15, 2016.
             Was a Priest of Trog.
             Slain by an ice beast (12 damage)
             ... on level 6 of the Dungeon.
             The game lasted 00:07:37 (4506 turns).

LORDOFBUTT the Cleaver (Minotaur Berserker)         Turns: 4506, Time: 00:07:38

Health: -1/73      AC: 11    Str: 21    XL:     8   Next: 92%
Magic:  9/9        EV: 10    Int:  4    God:    Trog [***...]
Gold:   382        SH:  0    Dex: 13    Spells: 0 memorised, 7 levels left

rFire  + . .     SeeInvis .     e - +0 war axe
rCold  x . .     Gourm    .     a - +0 chain mail
rNeg   . . .     Faith    .     (no shield)
rPois  .         Spirit   .     (helmet restricted)
rElec  .         Dismiss  .     (no cloak)
rCorr  +         Reflect  .     (no gloves)
SustAt .         Harm     .     x - +0 pair of boots
MR     .....                    (no amulet)
Stlth  ..........               B - ring of resist corrosion
                                h - ring of fire

@: exhausted, slowed, very slow, not resistant to hostile enchantments,
extremely unstealthy
A: retaliatory headbutt, horns 2
a: Berserk, Trog's Hand, Burn Spellbooks, Renounce Religion


You were on level 6 of the Dungeon.
You worshipped Trog.
Trog was most pleased with you.
You were not hungry.

You visited 1 branch of the dungeon, and saw 6 of its levels.
You also visited: Ossuary.

You collected 382 gold pieces.

Inventory:

Hand Weapons
 e - a +0 war axe (weapon)
Armour
 a - a +0 chain mail (worn)
 x - a +0 pair of boots (worn)
Jewellery
 h - a ring of fire (left hand)
 B - a ring of resist corrosion (right hand)
Wands
 k - a wand of digging (12/24)
 E - a wand of paralysis (2/24)
 G - a wand of acid (7/15)
 H - a wand of digging (12/24)
 I - a wand of enslavement (12/24)
Scrolls
 g - 4 scrolls of enchant armour {unknown}
 j - 7 scrolls of teleportation {unknown}
 l - a scroll of fog {unknown}
 p - a scroll of recharging {unknown}
 r - a scroll of random uselessness {unknown}
 s - 6 scrolls of remove curse {unknown}
 v - 2 scrolls of magic mapping {unknown}
 y - a scroll of blinking {unknown}
 C - a scroll of immolation {unknown}
 D - a scroll of noise {unknown}
 F - a scroll of identify
Potions
 b - 2 potions of brilliance
 i - 6 potions of curing
 m - a potion of heal wounds
 n - 2 potions of magic
 o - 2 potions of haste {unknown}
 q - 2 potions of mutation
 t - a potion of berserk rage
 u - a potion of lignification
 w - a potion of resistance
 z - 2 potions of might
 A - 2 potions of ambrosia
Comestibles
 c - 2 bread rations
 d - a slice of pizza
 f - 2 royal jellies
 J - a meat ration


   Skills:
 + Level 7.5 Fighting
 + Level 8.7 Axes
 + Level 6.3 Armour
 + Level 4.3 Dodging
 - Level 1.5 Stealth
 * Level 3.8 Evocations


You had 7 spell levels left.
You didn't know any spells.

Dungeon Overview and Level Annotations

Branches:
Dungeon (6/15)             Temple (0/1) D:6

Altars:
Fedhas
Gozag
Hepliaklqana
Kikubaaqudgha
Pakellas
Qazlal
Sif Muna
Trog
Vehumet
Yredelemnul


Innate Abilities, Weirdness & Mutations

You reflexively headbutt those who attack you in melee.
You have a pair of horns on your head.


Message History

The ice beast hits you but does no damage.
You barely miss the ice beast. You headbutt the ice beast!
The ice beast is severely wounded.
The ice beast hits you. The ice beast freezes you!!
You feel a terrible chill!
* * * LOW HITPOINT WARNING * * *
The ice beast hits you but does no damage.
You are too injured to fight recklessly!
You are too injured to fight recklessly!
You are too injured to fight recklessly!
You hit the ice beast.
The ice beast is severely wounded.
The ice beast hits you but does no damage.
Your chain mail prevents you from hitting the ice beast.
You headbutt the ice beast.
The ice beast is almost dead.
The ice beast hits you but does no damage.
The ice beast hits you.
* * * LOW HITPOINT WARNING * * *
The ice beast freezes you!
You feel a terrible chill!
You die...

##########
#####.....#####.#
.........#..# #.#
..##.#####.# #.# .....
......###.# ....
.......##.#### #...
.#......#..... .###
#.###.#.###...###.#
.....#.Y...#........## #
#..?.@#.....#).....#.
#.###$#.###.#.###.....
#.....#.....#.........
.......#..[..#..(..#......
...###.#.###.#.###.# ###..
. ..#.. ..#..$..# ..
......#.....#..... .
...###.#.###.# ###. ....
.#. .#


You could see an ice beast.

Vanquished Creatures
  A centaur skeleton (D:6)
  An orc warrior (D:6)
  A sky beast (D:5)
  The ghost of Menk the Skirmisher, an amateur HOWn of Beogh (D:3)
  A black bear (D:6)
  An ogre (D:5)
  Blork the orc (D:6)
  6 scorpions (Ossuary)
  A crimson imp (D:5)
  2 human zombies (Ossuary)
  An orc priest (D:6)
  A hound (D:6)
  6 orc wizards
  2 giant frog skeletons
  2 worker ants (D:6)
  A big kobold zombie (Ossuary)
  A hound zombie (D:6)
  2 mummies (Ossuary)
  A worker ant zombie (D:5)
  6 gnolls (D:5)
  6 scorpion zombies (Ossuary)
  6 adders
  2 shadow imps (D:5)
  An ooze (D:6)
  An adder zombie (D:5)
  5 worms
  3 dart slugs
  4 giant geckos
  10 orcs
  4 bats
  2 giant cockroaches (D:1)
  A gnoll zombie (Ossuary)
  9 goblins
  10 hobgoblins
  8 jackals
  A quokka (D:6)
  A giant gecko zombie (D:5)
  2 goblin zombies (Ossuary)
  3 hobgoblin zombies (Ossuary)
  A jackal skeleton (D:6)
  3 kobolds
  3 kobold zombies (Ossuary)
  2 orc zombies (Ossuary)
  7 rats
134 creatures vanquished.

Vanquished Creatures (others)
  A hydra (D:5)
  A mummy (Ossuary)
  5 toadstools (D:1)
7 creatures vanquished.

Grand Total: 141 creatures vanquished

Notes
Turn   | Place    | Note
--------------------------------------------------------------
     0 | D:1      | LORDOFBUTT the Minotaur Berserker began the quest for the Orb.
     0 | D:1      | Reached XP level 1. HP: 19/19 MP: 0/0
   372 | D:1      | Reached skill level 4 in Axes
   378 | D:1      | Reached XP level 2. HP: 25/27 MP: 1/1
  1037 | D:2      | Reached XP level 3. HP: 33/33 MP: 2/2
  1269 | D:2      | Reached ** piety under Trog
  1423 | D:3      | Noticed Menk's ghost (amateur HOWn)
  1439 | D:3      | Killed Menk's ghost
  1439 | D:3      | Reached skill level 5 in Axes
  1439 | D:3      | Reached skill level 1 in Stealth
  1439 | D:3      | Reached XP level 4. HP: 28/41 MP: 3/3
  1439 | D:3      | Reached XP level 5. HP: 33/47 MP: 4/4
  1463 | D:3      | Found a radiant altar of Vehumet.
  1701 | D:3      | Found a basalt altar of Yredelemnul.
  1790 | D:3      | Found a stormy altar of Qazlal.
  1931 | D:3      | Found a blossoming altar of Fedhas.
  2114 | D:3      | Found an opulent altar of Gozag.
  2364 | D:4      | Found a deep blue altar of Sif Muna.
  2408 | D:4      | Found a hazy altar of Hepliaklqana.
  2481 | D:4      | Reached skill level 5 in Fighting
  2580 | D:4      | Found a bloodstained altar of Trog.
  2598 | D:4      | Reached XP level 6. HP: 42/56 MP: 5/5
  2895 | D:5      | Entered Level 5 of the Dungeon
  2915 | D:5      | Found an oddly glowing altar of Pakellas.
  2916 | D:5      | Noticed a five-headed hydra
  2923 | D:5      | Killed a five-headed hydra
  2960 | D:5      | Reached skill level 6 in Axes
  2967 | D:5      | HP: 1/56 [gnoll/halberd (15)]
  2971 | D:5      | Reached *** piety under Trog
  2971 | D:5      | Reached skill level 1 in Evocations
  3008 | D:5      | Noticed a sky beast
  3022 | D:5      | Killed a sky beast
  3022 | D:5      | Reached XP level 7. HP: 19/61 MP: 5/7
  3073 | D:5      | Found a sand-covered staircase.
  3124 | Ossuary  | Entered an ossuary
  3533 | Ossuary  | Reached skill level 7 in Axes
  3640 | Ossuary  | Reached XP level 8. HP: 46/70 MP: 8/8
  4076 | D:5      | Reached skill level 5 in Armour
  4262 | D:6      | Found a staircase to the Ecumenical Temple.
  4278 | D:6      | Found an ancient bone altar of Kikubaaqudgha.
  4337 | D:6      | Reached skill level 8 in Axes
  4461 | D:6      | Noticed Blork the orc
  4469 | D:6      | Killed Blork the orc
  4506 | D:6      | Slain by an ice beast

Vault maps used:
D:1:      ldierk_walled_garden
D:2:      minmay_door_path, first_bread
D:3:      grunt_temple_overflow_forces_of_nature,
          nicolae_gozag_cash_rules_everything_around_me, vehumet_crystals,
          lemuel_doored_altar
D:4:      kennysheep_mini_moat, bloody_trog, lemuel_crystal_altar
D:5:      nicolae_ossuary_entry_monument, gammafunk_pakellas_spire_experiment
D:6:      hangedman_cross_stitches, minmay_temple_entry_statues_pillars,
          basic_altar, uniq_blork_the_orc
Ossuary:  ossuary_minmay_scorpions

Skill      XL: |  1  2  3  4  5  6  7  8 |
---------------+-------------------------+-----
Axes           | 4 5 6 7 8 |  8.7
Fighting       | 4 5 6 7 |  7.5
Dodging        | 3 4 |  4.3
Stealth        | 1 |  1.5
Armour         | 3 4 6 |  6.3
Evocations     | 1 2 3 |  3.8

Action                   |  1- 3 |  4- 6 |  7- 9 || total
-------------------------+-------+-------+-------++-------
Melee: Hand axe          |    74 |     8 |       ||    82
       Headbutt          |     9 |    16 |    45 ||    70
       War axe           |       |    76 |   184 ||   260
Invok: Berserk           |     1 |     2 |     1 ||     4
  Use: Scroll            |       |     7 |     4 ||    11
       Potion            |       |     1 |       ||     1
 Stab: Sleeping          |     1 |     1 |       ||     2
  Eat: Chunk             |     2 |     2 |       ||     4
       Bread ration      |       |     1 |     1 ||     2
       Beef jerky        |       |       |     2 ||     2
Armor: Animal skin       |    12 |     1 |       ||    13
       Chain mail        |       |    42 |   132 ||   174
Dodge: Dodged            |    42 |    62 |    95 ||   199
